 Dungeon Crawl Stone Soup version 0.31.0-11-ge490571c62 (webtiles) character file.

Game seed: 8708348866976817377

134 Jaukkuri the Ducker (level 4, -23/28 HPs)
             Began as a Deep Elf Monk on Feb 7, 2024.
             Was a Believer of Dithmenos.
             Annihilated by Crazy Yiuf
             ... wielding a +3 quarterstaff of chaos
              (39 damage)
             ... on level 3 of the Dungeon.
             The game lasted 00:02:12 (2442 turns).

Jaukkuri the Ducker (Deep Elf Monk)                 Turns: 2442, Time: 00:02:12

Health: -23/28     AC:  2    Str:  8    XL:     4   Next: 95%
Magic:  6/6        EV:  2    Int: 24    God:    Dithmenos [**....]
Gold:   184        SH:  0    Dex: 19    Spells: 3/3 levels left

rFire   . . .        j - +2 dagger (venom)
rCold   . . .        (no shield)
rNeg    . . .        b - +0 robe
rPois   .            (no helmet)
rElec   .            (no cloak)
rCorr   +            (no gloves)
SInv    .            (no boots)
Will    .....        h - amulet "Masibb" {Acrobat rCorr Int+3}
Stlth   ++           s - +6 ring of intelligence
HPRegen 0.24/turn    (no ring)
MPRegen 0.10/turn

%: acrobat
@: sleeping, hasted, wreathed by umbra
A: no striking features
a: Renounce Religion, Shadow Step


You were on level 3 of the Dungeon.
You worshipped Dithmenos.
Dithmenos was pleased with you.
You visited 1 branch of the dungeon, and saw 3 of its levels.

You collected 184 gold pieces.

Inventory:

Hand Weapons
 a - a +0 falchion
 j - a +2 dagger of venom (weapon)
Armour
 b - a +0 robe (worn)
 d - an orb of light
Jewellery
 h - the amulet "Masibb" (around neck) {Acrobat rCorr Int+3}
   (You took it off a kobold on level 2 of the Dungeon)

   [amulet of the acrobat]

   Acrobat:   It increases your evasion while moving and waiting.
   Int+3:     It affects your intelligence (+3).
   rCorr:     It protects you from acid and corrosion.
 s - a +6 ring of intelligence (left hand)
Wands
 k - a wand of light (12)
Scrolls
 e - a scroll of vulnerability
 l - a scroll of immolation {unknown}
 n - a scroll of poison {unknown}
 p - a scroll of fear {unknown}
Potions
 c - a potion of ambrosia
 f - 2 potions of mutation {unknown}
 g - 6 potions of curing
 m - 2 potions of degeneration
 o - 2 potions of enlightenment {unknown}
 q - a potion of haste
 r - a potion of invisibility {unknown}


   Skills:
 + Level 3.4 Fighting
 + Level 0.7(2.5) Short Blades
 - Level 3.5(3.6) Long Blades
 + Level 4.8 Dodging


You had 3 spell levels left.
You didn't know any spells.
Your spell library contained the following spells:

 Spells                   Type           Power      Damage    Failure   Level
 Iskenderun's Battlesphe  Conj           0%         2d6       99%         5
 Bombard                  Conj/Erth      0%         9d1       100%        6
 Spellforged Servitor     Conj/Summ      0%         N/A       100%        7


Dungeon Overview and Level Annotations

Branches:
Dungeon (3/15)

Altars:
Dithmenos
Fedhas

Annotations:
D:3 Crazy Yiuf


Message History

You see here a +0 club.
No reachable target in view!
Could not explore, unopened runed door.
No reachable target in view!
Could not explore, unopened runed door.
No reachable target in view!
No reachable target in view!
Could not explore, unopened runed door.
No reachable target in view!
No reachable target in view!
Okay, then.
You start removing your armour.
You continue taking off your orb of light. x4
You finish taking off your orb of light.
You drop an orb of light.
d - an orb of light Crazy Yiuf shouts!
Could not explore, unopened runed door.
Could not explore, unopened runed door.
Could not explore, unopened runed door.
No reachable target in view!
No reachable target in view!
Okay, then.
As you read the scroll labelled YREP JAEROZINA, it crumbles to dust.
It is a scroll of identify.
g - 6 potions of curing
Okay, then.
As you read the scroll of identify, it crumbles to dust.
m - 2 potions of degeneration
As you read the scroll of identify, it crumbles to dust.
q - 2 potions of haste You feel yourself speed up.
You open the door. You hit Crazy Yiuf.
Crazy Yiuf is poisoned.
Crazy Yiuf is moderately wounded.
Crazy Yiuf hits you with a +3 quarterstaff of chaos!
You fall asleep.
Crazy Yiuf hits you with a +3 quarterstaff of chaos!!!
Ouch! That really hurt!
You die...

.#
#.###.#######
.# #.# ### .#
#.## ## #..#
##### ##.#
#..)# #.#
#...# #.# ...
#.# #g# ###
♣♣@♣ # ♣.♣♣ #
###### ♣♣.♣ #
##....# ♣.♣♣
## #.....#
♣♣.♣♣
.#####..####
♣...♣♣
.......)##
♣....♣
.#####...##
#....# ##
#.#..####....#


You could see Crazy Yiuf (very poisoned).

Vanquished Creatures
  A hound (D:3)
  Jessica (D:3)
  An adder (D:2)
  2 dart slugs
  A ribbon worm (D:3)
  3 orcs (D:3)
  2 endoplasms (D:2)
  3 giant cockroaches
  5 hobgoblins
  3 jackals (D:1)
  7 kobolds
  5 quokkas
  7 ball pythons
  7 bats
  2 frilled lizards
  4 goblins
  3 rats
57 creatures vanquished.

Notes
Turn   | Place    | Note
-------+----------+-------------------------------------------
     0 | D:1      | Jaukkuri the Deep Elf Monk began the quest for the Orb.
     0 | D:1      | Reached XP level 1. HP: 13/13 MP: 3/3
   192 | D:1      | Reached XP level 2. HP: 18/18 MP: 4/4
   416 | D:1      | Reached skill level 4 in Dodging
   792 | D:2      | Identified the amulet "Masibb" {Acrobat rCorr Int+3}
   815 | D:2      | Reached XP level 3. HP: 22/22 MP: 5/5
  1120 | D:2      | Found a blossoming altar of Fedhas.
  1586 | D:3      | Reached XP level 4. HP: 24/28 MP: 6/6
  1652 | D:3      | Found a faded altar of an unknown god.
  1657 | D:3      | Noticed Jessica
  1662 | D:3      | Killed Jessica
  1962 | D:3      | Prayed at the altar of an unknown god.
  1962 | D:3      | Became a worshipper of Dithmenos the Shadowed
  1962 | D:3      | Reached * piety under Dithmenos
  1962 | D:3      | Reached ** piety under Dithmenos
  2270 | D:3      | Found a runed translucent door.
  2271 | D:3      | Noticed Crazy Yiuf
  2442 | D:3      | Annihilated by Crazy Yiuf

Illustrated notes

Levels and vault maps discovered:
D:1:      dpeg_arrival_solitude, layout_loops_cross
D:2:      layout_rooms, basic_altar
D:3:      layout_loops_ring, shapermc_ecumenical_altar_starsandcircs,
          minmay_cut_off, uniq_crazy_yiuf_cottage, uniq_jessica

Skill      XL: |  1  2  3 |
---------------+----------+-----
Long Blades    | 3 |  3.5
Dodging        | 4 |  4.8
Fighting       | 3 |  3.4
Short Blades   | |  0.7

Action                     |  1- 3 |  4- 6 || total
---------------------------+-------+-------++-------
  Melee: Falchion          |    76 |       ||    76
         Dagger            |    32 |    24 ||    56
    Use: Scroll            |     2 |     3 ||     5
         Potion            |       |     1 ||     1
   Stab: Sleeping          |       |     1 ||     1
 Armour: Robe              |    47 |    12 ||    59
  Dodge: Dodged            |    95 |    11 ||   106
